 Dungeon Crawl Stone Soup version 0.31-a0-152-g6aa68a64a1 (webtiles) character file.

Game seed: 7946317504258487965

30 qw the Shooter (level 3, -5/31 HPs)
             Began as a Minotaur Hunter on June 10, 2023.
             Slain by a worm (9 damage)
             ... on level 2 of the Dungeon.
             The game lasted 00:00:21 (1026 turns).

qw the Shooter (Minotaur Hunter)                    Turns: 1026, Time: 00:00:21

Health: -5/31      AC:  5    Str: 13 (15) XL:     3   Next: 3%
Magic:  2/2        EV: 10    Int:  5 (6)  God:
Gold:   73         SH:  0    Dex: 12 (15) Spells: 2/2 levels left

rFire   . . .        Y - +0 shortbow
rCold   . . .        (shield currently unavailable)
rNeg    . . .        f - +0 ring mail
rPois   .            (helmet restricted)
rElec   .            (no cloak)
rCorr   .            (no gloves)
SInv    .            (no boots)
Will    .....        (no amulet)
Stlth   +            (no ring)
HPRegen 0.25/turn    (no ring)
MPRegen 0.08/turn

%: no passive effects
@: no status effects
A: horns 2, retaliatory headbutt
a: no special abilities


You were on level 2 of the Dungeon.
You visited 1 branch of the dungeon, and saw 2 of its levels.

You collected 73 gold pieces.


Innate Abilities, Weirdness & Mutations

You have a pair of horns on your head.
You reflexively headbutt those who attack you in melee.


   Skills:
 - Level 3.0 Fighting
 + Level 5.1 Ranged Weapons
 - Level 1.0 Armour
 - Level 2.1 Dodging
 - Level 0.7 Stealth


You had 2 spell levels left.
You didn't know any spells.
Your spell library was empty.

Inventory:

Hand Weapons
 Y - a +0 shortbow (weapon)
Armour
 f - a +0 ring mail (worn)
Scrolls
 a - 2 scrolls of identify
 b - a scroll of vulnerability {unknown}

Dungeon Overview and Level Annotations

Branches:
Dungeon (2/15)

Altars:
Ru


Message History

The worm bites you. The ball python misses you. The ball python grabs you.
The ball python constricts you.
You shoot an arrow. The arrow hits the ball python.
The ball python is severely wounded.
The ball python loses its grip on you. The worm bites you!
You shoot an arrow.
The arrow barely misses the ball python.
The ball python closely misses you. The ball python grabs you.
The ball python constricts you.
The ball python bites you but does no damage.
A kobold comes into view. It is wielding a +0 whip.
The ball python bites you but does no damage.
The ball python constricts you. The ball python bites you. The worm bites you.
You shoot an arrow.
The arrow closely misses the ball python.
The ball python bites you but does no damage.
The ball python constricts you.
The ball python bites you but does no damage.
You shoot an arrow.
The arrow barely misses the ball python.
The ball python bites you but does no damage.
The ball python constricts you. The ball python bites you. The worm bites you!
The ball python completely misses you. The ball python constricts you.
The ball python barely misses you.
You shoot an arrow. The arrow hits the ball python.
You kill the ball python!
The ball python closely misses you. You furiously retaliate!
You headbutt the ball python!
You kill the ball python!
The worm barely misses you.
You feel your strength returning.
You have reached level 3!
Your experience leads to an increase in your attributes!
Your base attributes are Str 15, Int 6, Dex 13.
Increase (S)trength, (I)ntelligence, or (D)exterity?
You feel agile. x2
You shoot an arrow. The arrow hits the worm!
The worm is heavily wounded.
The rat closely misses you. The worm bites you!
You die...

#......#
#......#
#......#
#......#
#......#####
#..........#
...###......#
### #......#
#@%....#
#wr....#
.K.....#
........#
..#.######
..##.# ..#
#.# ... #.#


You could see a worm, a kobold and a rat.

Vanquished Creatures
  A dart slug (D:1)
  5 endoplasms
  3 quokkas (D:2)
  3 ball pythons
  5 bats
  5 kobolds
  4 rats
26 creatures vanquished.

Notes
Turn   | Place    | Note
-------+----------+-------------------------------------------
     0 | D:1      | qw the Minotaur Hunter began the quest for the Orb.
     0 | D:1      | Reached XP level 1. HP: 18/18 MP: 0/0
     0 | D:1      | 0 ||| qw: Version: 0.2-a-122-gbc61b45
     0 | D:1      | 0 ||| qw: Game counter: 3579
     0 | D:1      | 0 ||| qw: Always use a shield: true
     0 | D:1      | 0 ||| qw: God list: Okawaru
     0 | D:1      | 0 ||| qw: Allow faded altars: false
     0 | D:1      | 0 ||| qw: Do Orc after D:15 true
     0 | D:1      | 0 ||| qw: Do second Lair branch before Depths: true
     0 | D:1      | 0 ||| qw: Lair rune preference: random
     0 | D:1      | 0 ||| qw: Plans: Normal
     0 | D:1      | 0 ||| PLANNING D:1-11
   221 | D:1      | Found a faded altar of an unknown god.
   223 | D:1      | Reached XP level 2. HP: 25/25 MP: 1/1
   348 | D:1      | Reached skill level 5 in Ranged Weapons
   716 | D:1      | 716 ||| UPGRADING to +0 ring mail.
   726 | D:1      | 726 ||| DROPPING +0 leather armour.
   727 | D:1      | 727 ||| READING 3 scrolls labelled LOUS BOCUA.
   728 | D:1      | 728 ||| READING scroll labelled MAXKUPAICO.
   729 | D:1      | 729 ||| DRINKING 2 cyan potions.
   730 | D:1      | 730 ||| DRINKING 2 glowing orange potions.
   731 | D:1      | 731 ||| DRINKING 3 emerald potions.
   732 | D:1      | 732 ||| DROPPING scroll of butterflies.
   733 | D:1      | 733 ||| DROPPING potion of attraction.
   734 | D:1      | 734 ||| DROPPING 2 potions of degeneration.
   804 | D:2      | Reached skill level 1 in Armour
   805 | D:2      | HP: 5/25 [quokka (3)]
   806 | D:2      | 806 ||| DRINKING potion of heal wounds.
   888 | D:2      | Found a sacrificial altar of Ru.
   985 | D:2      | Reached skill level 3 in Fighting
  1024 | D:2      | HP: 2/26 [worm (7)]
  1026 | D:2      | Reached XP level 3. HP: 3/31 MP: 2/2
  1026 | D:2      | Slain by a worm

Levels and vault maps discovered:
D:1:      elethiomel_arrival_infinity_welcomes_careful_drivers, layout_basic,
          ebering_ecumenical_altar_webs
D:2:      layout_basic, basic_altar, minmay_circle_x

Skill      XL: |  1  2 |
---------------+-------+-----
Ranged Weapons | 5 |  5.1
Armour         | 1 |  1.0
Fighting       | 3 |  3.0
Dodging        | |  2.1
Stealth        | |  0.7

Action                     || total
---------------------------++-------
   Fire: Shortbow          ||    66
    Use: Potion            ||     4
         Scroll            ||     2
 Armour: Ring mail         ||    13
         Leather armour    ||     2
  Dodge: Dodged            ||    23

Table legend:
 A = Non-vault XP
 B = Vault XP
 C = Vault XP percentage of total XP
 D = Non-vault monster count
 E = Vault monster count
 F = Vault count percentage of total count
                 A         B        C        D         E       F
            +---------+---------+-------+---------+---------+-------
      Total |      39 |       4 |   9.3 |      24 |       2 |   7.7
            +---------+---------+-------+---------+---------+-------
        D:1 |      20 |       0 |   0.0 |      13 |       0 |   0.0
        D:2 |      19 |       4 |  17.4 |      11 |       2 |  15.4
            +---------+---------+-------+---------+---------+-------
